 Dungeon Crawl Stone Soup version 0.26.1-2-gb8aa6d0 (webtiles) character file.

Game seed: 11095037096908570860

52 Nithhogg the Sneak (level 3, -3/26 HPs)
             Began as an Octopode Monk on Mar 29, 2021.
             Killed from afar by Natasha (8 damage)
             ... with a magic dart
             ... on level 3 of the Dungeon.
             The game lasted 00:02:04 (1728 turns).

Nithhogg the Sneak (Octopode Monk)                  Turns: 1728, Time: 00:02:05

Health: -3/26      AC:  1    Str: 10    XL:     3   Next: 85%
Magic:  3/3        EV: 15    Int: 12    God:
Gold:   123        SH:  0    Dex: 15    Spells: 2/2 levels left

rFire    x . .     SeeInvis .     - Unarmed
rCold    + . .     Faith    .   (no shield)
rNeg     . . .     Spirit   .   (helmet restricted)
rPois    +         Reflect  .   (no amulet)
rElec    .         Harm     .   d - ring of poison resistance
rCorr    .         Rampage  .   j - ring of ice
Will     .....                  (no ring)
Stlth    +++.......             (no ring)
HPRegen  0.08/turn              (no ring)
MPRegen  0.08/turn              (no ring)
                                (no ring)
                                (no ring)

@: no status effects
A: almost no armour, stealthy swim, amphibious, 8 rings, constrict 8, camouflage
1, gelatinous body 1
a: no special abilities


You were on level 3 of the Dungeon.
You visited 1 branch of the dungeon, and saw 3 of its levels.

You collected 123 gold pieces.

Inventory:

Jewellery
 d - a ring of poison resistance (left tentacle)
 j - a ring of ice (right tentacle)
Wands
 i - a wand of iceblast (7)
Scrolls
 a - a scroll of blinking {unknown}
 b - a scroll of enchant weapon {unknown}
 c - 2 scrolls of enchant armour {unknown}
 h - a scroll of remove curse {unknown}
Potions
 e - a potion of curing {unknown}
 f - a potion of attraction {unknown}
 g - a potion of cancellation {unknown}


   Skills:
 + Level 3.5 Fighting
 + Level 3.4 Dodging
 + Level 3.6 Stealth
 + Level 3.4 Unarmed Combat


You had 2 spell levels left.
You didn't know any spells.
Your spell library contained the following spells:

 Spells                   Type           Power        Failure   Level
 Confusing Touch          Hex            0%           69%         3
 Gell's Gravitas          Tloc           0%           69%         3
 Petrify                  Tmut/Erth      0%           97%         4
 Metabolic Englaciation   Hex/Ice        0%           100%        5
 Yara's Violent Unravell  Hex/Tmut       0%           100%        5


Dungeon Overview and Level Annotations

Branches:
Dungeon (3/15)

Altars:
Okawaru

Annotations:
D:3 Natasha


Innate Abilities, Weirdness & Mutations

You cannot wear most types of armour.
You are very stealthy in the water. (Stealth+)
You are amphibious.
You can wear up to eight rings at the same time.
You can use your tentacles to constrict eight enemies at once.
Your skin changes colour to match your surroundings (Stealth+).
Your rubbery body absorbs attacks. (AC +1, EV +1)


Message History

You are too injured to fight recklessly!
You are too injured to fight recklessly!
You are too injured to fight recklessly!
You are too injured to fight recklessly!
You are too injured to fight recklessly!
You are too injured to fight recklessly!
You are too injured to fight recklessly!
You are too injured to fight recklessly!
You are too injured to fight recklessly!
You tentacle-slap Natasha. Your squeeze misses Natasha.
Natasha is heavily wounded.
You constrict Natasha. The goblin barely misses you.
Unknown command.
You release your grip on Natasha.
Natasha stares at you and mumbles some strange words.
The magic dart hits you!
* * * LOW HITPOINT WARNING * * *
Natasha casts a spell at you. The magic dart hits you!
You die...

#.# ..#.# #####.#
#.#.# ......###### #
#.#.# .####......#
#.#.#.####
#..###.###.#......
#<.# #.#.......#
#..###.#.# #hg.#
#####..†.....# #...#
.......#####.###@###
.................#
#######........###
#...###### #####


You could see Natasha and a goblin.

Vanquished Creatures
  2 adders (D:2)
  An ooze (D:2)
  A worm (D:2)
  A dart slug (D:1)
  A leopard gecko (D:1)
  A giant cockroach (D:3)
  3 goblins
  A hobgoblin (D:2)
  2 bats
  8 kobolds
  6 rats
27 creatures vanquished.

Notes
Turn   | Place    | Note
-------+----------+-------------------------------------------
     0 | D:1      | Nithhogg the Octopode Monk began the quest for the Orb.
     0 | D:1      | Reached XP level 1. HP: 16/16 MP: 1/1
   344 | D:1      | Reached XP level 2. HP: 21/21 MP: 2/2
   899 | D:2      | Reached XP level 3. HP: 22/26 MP: 3/3
  1139 | D:2      | Found an iron altar of Okawaru.
  1719 | D:3      | Noticed Natasha
  1728 | D:3      | Killed from afar by Natasha

Illustrated notes

Levels and vault maps discovered:
D:1:      scummos_arrival_forest, layout_basic
D:2:      layout_basic, lemuel_crystal_altar, minmay_misc_feat_alley,
          chequers_arboretum
D:3:      layout_loops_ring, lemuel_zombie_altar_kikubaaqudgha,
          uniq_crazy_yiuf_cottage, uniq_sigmund, uniq_natasha

Skill      XL: |  1 |
---------------+----+-----
Stealth        | 3 |  3.6
Fighting       | |  3.5
Dodging        | |  3.4
Unarmed Combat | |  3.4

Action                   || total
-------------------------++-------
Melee: Unarmed           ||    65
       Constrict         ||    17
       Tentacles         ||     8
       Punch             ||     3
 Stab: Sleeping          ||    10
Armor: Skin              ||     6
Dodge: Dodged            ||    34
